 Dungeon Crawl Stone Soup version 0.16.0-11-gd45b091 (webtiles) character file.

7156 Leibowitz the Nimble (level 11, -3/64 (66) HPs)
             Began as a Kobold Gladiator on Mar 17, 2015.
             Was a High Priest of Okawaru.
             Blown up by Fannar (21 damage)
             ... with a wand of disintegration
             ... on level 1 of the Lair of Beasts.
             The game lasted 00:59:05 (10534 turns).

Leibowitz the Nimble (Kobold Gladiator)            Turns: 10534, Time: 00:59:05

HP:   -3/64 (66)    AC: 15    Str: 13    XL:     11   Next: 32%
MP:   9/11          EV: 31    Int:  6    God:    Okawaru [*****.]
Gold: 579           SH:  8    Dex: 25    Spells: 0 memorised, 10 levels left

rFire  + . .     SeeInvis .     m - +2 spear (venom)
rCold  . . .     Clarity  .     u - +4 ring mail {rPois}
rNeg   . . .     SustAb   +     G - +0 buckler {rF+}
rPois  +         Gourm    .     c - +1 helmet
rElec  .         Spirit   .     t - +0 cloak
rCorr  .         Warding  .     (no gloves)
rMut   .         Stasis   .     (no boots)
MR     .....                    C - amulet of faith (curse)
Stlth  +++++++...               A - +4 ring of dexterity
                                e - ring of sustain abilities

@: heroism, not resistant to hostile enchantments, extremely stealthy
A: carnivore 3
a: Heroism, Finesse, Renounce Religion


You were on level 1 of the Lair of Beasts.
You worshipped Okawaru.
Okawaru was extremely pleased with you.
You were very full.

You visited 3 branches of the dungeon, and saw 11 of its levels.

You collected 579 gold pieces.

Inventory:

Hand weapons
 a - a +1 rapier
 b - a +0 blowgun
 m - a +2 spear of venom (weapon)
Missiles
 d - 2 throwing nets (quivered)
 i - 23 poisoned needles
 l - 3 needles of frenzy
 E - 3 needles of slowing
Armour
 c - a +1 helmet (worn)
 t - a +0 cloak (worn)
 u - a +4 ring mail of poison resistance (worn)
 G - a +0 buckler of fire resistance (worn)
Jewellery
 e - a ring of sustain abilities (left hand)
 j - an uncursed amulet of stasis
 k - an uncursed amulet of resist mutation
 o - an uncursed ring of teleportation
 w - an uncursed ring of magical power
 A - a +4 ring of dexterity (right hand)
 C - a cursed amulet of faith (around neck)
Magical devices
 s - a wand of fireball (0)
 D - a wand of cold (11)
 F - a wand of magic darts (24)
Scrolls
 n - a scroll of enchant armour
 p - 5 scrolls of blinking
 q - 5 scrolls of identify
 r - 5 scrolls of teleportation
 v - a scroll of fear
 y - 2 scrolls of enchant weapon
Potions
 x - 2 potions of haste
 B - a potion of curing
 H - a potion of brilliance
Comestibles
 f - 7 meat rations
 g - 5 beef jerkies
 h - a royal jelly


   Skills:
 * Level 6.5(11.5) Fighting
 * Level 10.2(15.2) Short Blades
 + Level 0.7(5.7) Polearms
 + Level 5.3(10.3) Throwing
 * Level 4.8(9.8) Armour
 * Level 11.7(16.7) Dodging
 * Level 10.4(15.4) Stealth
 * Level 0.7(5.7) Shields
 + Level 0.2 Invocations


You had 10 spell levels left.
You didn't know any spells.

Dungeon Overview and Level Annotations

Branches:
Dungeon (9/15)             Temple (1/1) D:5            Lair (1/8) D:9
    Orc: D:9-12

Altars:
Ashenzari
Cheibriados
Dithmenos
Elyvilon
Fedhas
Gozag
Kikubaaqudgha
Makhleb
Nemelex Xobeh
Okawaru
Qazlal
Ru
Sif Muna
Trog
Vehumet
Xom
Yredelemnul
Zin
The Shining One

Annotations:
D:7 exclusion: wight
Lair:1 Fannar


Innate Abilities, Weirdness & Mutations

You are small and have problems with some larger weapons.
You are carnivorous and can eat meat at any time.


Message History

You hit Fannar but do no damage.
Fannar is lightly wounded.
Fannar misses you.
Wield which item (- for none, * to show all)? (? for menu, Esc to quit)
It begins to drip with poison!
m - a +2 spear of venom (weapon)
You hit Fannar but do no damage.
Fannar looks even sicker.
Fannar is lightly wounded.
Fannar zaps a wand.
You are blasted!
Fannar blocks your attack.
Fannar is lightly wounded.
Fannar zaps a wand.
You are blasted!
* * * LOW HITPOINT WARNING * * *
You hit Fannar but do no damage.
Fannar is lightly wounded.
Fannar completely misses you.
You completely miss Fannar.
Fannar is lightly wounded.
Fannar zaps a wand.
You are blasted!
You die...

### ### # ###.########.#
##.#..
###....#...##P.##.......
#.....###......@.#
##.....##.......e.#
#......###.....(..#
#......# ###.#(...###
##.....## ###.......#
#......###....#P#....#
#..........(.#######...
##.........(..# #
#.....#......#


You could see Fannar.

Vanquished Creatures
  Pikel (D:9)
  Maurice (D:9)
  A komodo dragon (D:9)
  2 trolls (D:9)
  A deep elf mage (D:9)
  A hungry ghost (D:9)
  4 yaks (D:9)
  Edmund (D:5)
  2 water moccasins
  3 sky beasts
  3 ice beasts (D:6)
  A necrophage (D:8)
  A black bear (D:8)
  3 orc warriors
  4 slaves (D:9)
  A phantom (D:4)
  7 centaurs
  A big kobold (D:9)
  Duvessa (D:7)
  A crocodile (Lair:1)
  5 giant frogs
  A wyvern skeleton (D:9)
  16 killer bees
  3 scorpions
  An electric eel (D:7)
  A goliath beetle (D:6)
  5 hounds
  A crimson imp (D:7)
  Dowan (D:7)
  A jelly (D:8)
  4 wights (D:7)
  A giant frog skeleton (D:8)
  3 quasits
  5 orc priests
  2 orc wizards
  6 worker ants
  Ijyb (D:6)
  A hound zombie (D:7)
  Terence (D:2)
  15 gnolls
  7 adders
  6 shadow imps
  3 giant mites
  A worm (D:2)
  An adder zombie (D:7)
  2 adder skeletons
  A giant gecko (D:8)
  An ooze (D:3)
  30 orcs
  3 ball pythons
  A bat skeleton (D:5)
  2 bat zombies
  5 giant cockroaches
  6 goblins
  12 hobgoblins
  3 quokkas
  14 bats
  6 giant newts
  22 kobolds
  A kobold zombie (D:5)
  2 quokka skeletons
  18 rats
261 creatures vanquished.

Vanquished Creatures (others)
  A plant (D:9)
1 creature vanquished.

Grand Total: 262 creatures vanquished

Notes
Turn   | Place    | Note
--------------------------------------------------------------
     0 | D:1      | Leibowitz, the Kobold Gladiator, began the quest for the Orb.
     0 | D:1      | Reached XP level 1. HP: 12/12 MP: 1/1
   126 | D:1      | Reached skill level 1 in Stealth
   130 | D:1      | Reached XP level 2. HP: 17/17 MP: 2/2
   600 | D:2      | Noticed Terence
   604 | D:2      | Killed Terence
   604 | D:2      | Reached XP level 3. HP: 21/21 MP: 3/3
  1016 | D:2      | Reached skill level 1 in Armour
  1363 | D:2      | Reached XP level 4. HP: 26/26 MP: 4/4
  1903 | D:3      | Gained mutation: You are robust (+10% HP). [potion of mutation]
  1903 | D:3      | Gained mutation: Armour fits poorly on your strangely shaped body. [potion of mutation]
  1903 | D:3      | Lost mutation: Armour fits poorly on your strangely shaped body. [potion of mutation]
  2077 | D:3      | Reached skill level 5 in Short Blades
  2337 | D:3      | Reached XP level 5. HP: 34/34 MP: 5/5
  2811 | D:4      | Reached skill level 5 in Dodging
  2871 | D:4      | Reached XP level 6. HP: 26/39 MP: 6/6
  3029 | D:4      | Noticed a phantom
  3045 | D:4      | Killed a phantom
  3732 | D:4      | Reached XP level 7. HP: 39/45 MP: 7/7
  3842 | D:5      | Entered Level 5 of the Dungeon
  4176 | D:5      | Noticed Edmund
  4200 | D:5      | Killed Edmund
  4200 | D:5      | Reached skill level 6 in Dodging
  4264 | D:5      | Reached XP level 8. HP: 32/52 MP: 8/8
  4466 | D:5      | Found a staircase to the Ecumenical Temple.
  4475 | Temple   | Entered the Ecumenical Temple
  4579 | Temple   | Became a worshipper of Warmaster Okawaru
  4858 | D:5      | Reached skill level 7 in Dodging
  5037 | D:5      | Acquired Okawaru's first power
  5607 | D:6      | Reached skill level 5 in Stealth
  6556 | D:6      | Reached skill level 5 in Fighting
  6556 | D:6      | Reached XP level 9. HP: 57/59 MP: 9/9
  6760 | D:6      | Reached skill level 8 in Dodging
  6896 | D:6      | Noticed Ijyb
  6924 | D:6      | Killed Ijyb
  7111 | D:7      | Reached skill level 9 in Dodging
  7575 | D:7      | Noticed Duvessa
  7580 | D:7      | Noticed Dowan
  7596 | D:7      | Killed Dowan
  7623 | D:7      | Killed Duvessa
  7623 | D:7      | Reached XP level 10. HP: 47/64 MP: 10/10
  8094 | D:7      | Reached skill level 10 in Dodging
  8615 | D:8      | Reached skill level 5 in Throwing
  9009 | D:9      | Lost mutation: You are robust (+10% HP). [potion of cure mutation]
  9081 | D:9      | Found a staircase to the Lair.
  9089 | D:9      | Noticed Pikel
  9121 | D:9      | Acquired Okawaru's second power
  9129 | D:9      | Received a gift from Okawaru
  9148 | D:9      | Reached skill level 11 in Dodging
  9148 | D:9      | Reached XP level 11. HP: 55/63 MP: 11/11
  9225 | D:9      | Killed Pikel
  9455 | D:9      | Reached skill level 10 in Stealth
  9630 | D:9      | Received a gift from Okawaru
  9694 | D:9      | Noticed Maurice
  9701 | D:9      | Killed Maurice
  9701 | D:9      | Reached skill level 10 in Short Blades
  9718 | D:9      | Found a bloodstained altar of Trog.
 10130 | Lair:1   | Entered Level 1 of the Lair of Beasts
 10184 | Lair:1   | Noticed Fannar
 10207 | Lair:1   | HP: 2/64 [disintegration (21)]
 10534 | Lair:1   | Blown up by Fannar

Action                   |  1- 3 |  4- 6 |  7- 9 | 10-12 || total
-------------------------+-------+-------+-------+-------++-------
Melee: Rapier            |    67 |   117 |   247 |   314 ||   745
       Spear             |       |       |    31 |     4 ||    35
 Fire: Blowgun           |       |       |    84 |    54 ||   138
Throw: Throwing net      |       |       |     2 |       ||     2
Invok: Heroism           |       |       |       |     3 ||     3
Evoke: Wand              |       |       |     1 |       ||     1
  Use: Potion            |       |     5 |     4 |     3 ||    12
       Scroll            |       |     7 |     5 |     1 ||    13
 Stab: Sleeping          |     4 |     4 |    13 |    15 ||    36
       Distracted        |       |     1 |     3 |     3 ||     7
       Held in net/web   |       |       |     2 |       ||     2
  Eat: Chunk             |     9 |     8 |    13 |     8 ||    38
